 Dungeon Crawl Stone Soup version 0.32-a0-361-g289a535e89 (webtiles) character file.

Game seed: 11316212367464406553

1379 sleeves the Covert (level 8, -3/56 HPs)
             Began as a Coglin Brigand on Feb 19, 2024.
             Was an Initiate of Hepliaklqana.
             Slain by a gnoll
             ... wielding a +3 heavy flail
              (10 damage)
             ... on level 6 of the Dungeon.
             The game lasted 00:19:09 (5843 turns).

sleeves the Covert (Coglin Brigand)                 Turns: 5843, Time: 00:19:09

Health: -3/56      AC:  8    Str:  9    XL:     8   Next: 66%
Magic:  8/8        EV: 11    Int: 13    God:    Hepliaklqana [......]
Gold:   159        SH:  0    Dex: 15    Spells: 7/7 levels left

rFire   . . .        a - +2 dagger {Suchat}
rCold   . . .        C - +0 dagger (freeze) {Qiang}
rNeg    + . .        z - +2 leather armour of Fanaticism {rElec Will+ Str-3}
rPois   .            y - +0 helmet
rElec   +            c - +0 cloak
rCorr   .            m - +0 pair of gloves
SInv    .            (no boots)
Will    +....        (no amulet)
Stlth   ++++         G - ring of positive energy
HPRegen 0.29/turn    (no ring)
MPRegen 0.11/turn

%: no passive effects
@: on berserk cooldown, slowed, stiff-legged, very slow
A: off-hand wielding, slow wielding, warmup strikes, warmup strides
a: Renounce Religion


You were on level 6 of the Dungeon.
You worshipped Hepliaklqana.
Hepliaklqana was noncommittal.
You visited 2 branches of the dungeon, and saw 8 of its levels.

You collected 185 gold pieces.
You spent 26 gold pieces at shops.

Inventory:

Hand Weapons
 a - a +2 dagger (weapon) {Suchat}
 n - a +0 sling
   (You found it on level 1 of the Dungeon)
 C - a +0 dagger of freezing (worn) {Qiang}
   (You took it off an orc wizard on level 3 of the Dungeon)
Missiles
 d - 9 poisoned darts (quivered)
 e - 3 curare-tipped darts
Armour
 b - a +2 robe of positive energy
   (You took it off Sigmund on level 5 of the Dungeon)
 c - a +0 cloak (worn)
 m - a +0 pair of gloves (worn)
   (You found it on level 1 of the Dungeon)
 y - a +0 helmet (worn)
   (You took it off Robin on level 2 of the Dungeon)
 z - the +2 leather armour of Fanaticism (worn) {rElec Will+ Str-3}
   (You found it on level 3 of the Dungeon)

   Str-3:     It affects your strength (-3).
   rElec:     It insulates you from electricity.
   Will+:     It increases your willpower.
 E - a +1 leather armour of cold resistance
   (You found it on level 5 of the Dungeon)
Jewellery
 h - a ring of fire
   (You found it on level 1 of the Dungeon)
 G - a ring of positive energy (left grasper)
   (You found it on level 5 of the Dungeon)
Wands
 F - a wand of flame (17)
   (You took it off Sigmund on level 5 of the Dungeon)
Scrolls
 f - 5 scrolls of vulnerability {unknown}
 k - 2 scrolls of teleportation {unknown}
 l - a scroll of poison {unknown}
 o - 4 scrolls of immolation {unknown}
 p - a scroll of noise {unknown}
 w - a scroll of fog
 x - 2 scrolls of amnesia {unknown}
 A - 5 scrolls of identify
 B - a scroll of brand weapon {unknown}
 D - 2 scrolls of fear {unknown}
Potions
 i - a potion of ambrosia {unknown}
 j - a potion of mutation {unknown}
 q - 3 potions of curing
 r - a potion of cancellation {unknown}
 s - 4 potions of haste {unknown}
 t - a potion of might {unknown}
 u - a potion of heal wounds {unknown}
 v - 2 potions of berserk rage
 H - a potion of attraction {unknown}


   Skills:
 - Level 2.0 Fighting
 - Level 4.0 Short Blades
 - Level 1.7 Throwing
 - Level 0.8 Dodging
 + Level 9.4 Stealth


You had 7 spell levels left.
You didn't know any spells.
Your spell library contained the following spells:

 Spells                   Type           Power      Damage    Failure   Level
 Magic Dart               Conj           0%         1d3       41%         1
 Blink                    Tloc           0%         N/A       54%         2
 Call Imp                 Summ           0%         N/A       54%         2
 Chain Lightning          Conj/Air       0%         N/A       100%        9
 Fire Storm               Conj/Fire      0%         5d1       100%        9
 Shatter                  Erth           0%         3d5*      100%        9


Dungeon Overview and Level Annotations

Branches:
Dungeon (7/15)             Temple (1/1) D:4

Altars:
Ashenzari
Dithmenos
Elyvilon
Fedhas
Gozag
Hepliaklqana
Kikubaaqudgha
Nemelex Xobeh
Okawaru
Trog
Uskayaw
Zin
The Shining One

Shops:
D:3 ?*   D:5 [   D:6 [

Annotations:
D:3 Grinder
D:4 Pikel


Innate Abilities, Weirdness & Mutations

You can wield a second weapon in your off-hand.
It takes a long time for you to wield or remove held weapons.
Your first few attacks do less damage.
Your first movements take longer.


Message History

You climb upwards.
Level annotation: Pikel Pikel zaps a wand.
You resist with almost no effort.
There is a stone staircase leading down here.
What are your orders? t - Shout!
Orders for allies: a - Attack new target. r - Retreat! s - Stop attacking. g - Guard the area. f - Follow me.
Anything else - Cancel.
Gang up on whom?
Press: ? - help, Dir - move target, f - Pikel
Aim: Pikel, wielding a +2 whip of electrocution, wearing a +0 robe and carrying a wand of charming Attack!
Pikel zaps a wand.
You resist with almost no effort.
Pikel zaps a wand.
The ice beast is no longer charmed.
Aiming: Charm
Press: ? - help, Shift-Dir - straight line, f/p - Pikel
Aim: Pikel, wielding a +2 whip of electrocution, wearing a +0 robe and carrying a wand of charming (chance to affect: 49%) Pikel is charmed.
The ice beast barely misses you.
You hit the ice beast with your +0 dagger of freezing.
The ice beast is lightly wounded.
You closely miss the ice beast with your +2 dagger.
Pikel zaps a wand.
The ice beast is charmed!
What are your orders? t - Shout!
Orders for allies: a - Attack new target. p - Attack previous target. r - Retreat! s - Stop attacking. g - Guard the area. f - Follow me.
Anything else - Cancel.
Retreat in which direction?
Press: ? - help, Dir - move target, p - Pikel Fall back!
You climb downwards.
There is a stone staircase leading up here.
You start resting.
HP restored.
Found 5 stones and a mace.
An iguana comes into view.
There are monsters nearby!
You see here 2 scrolls labelled BIB MUUGAS.
The helpless iguana fails to defend itself.
You perforate the iguana like a sieve with your +2 dagger!!!
You kill the iguana!
The helpless adder fails to defend itself.
You skewer the adder like a kebab with your +0 dagger of freezing!!!
You freeze the adder.
You kill the adder!
f - 5 scrolls labelled BIB MUUGAS (gained 2)
o - 3 scrolls labelled YFIORETIMI You see here a +0 mace.
A - 4 scrolls of identify (gained 1)
Found a flail.
A dart slug comes into view.
A dart slug is nearby!
A dart slug is nearby!
You see here 2 brown potions.
You hit the dart slug with your +0 dagger of freezing.
You freeze the dart slug.
The dart slug is moderately wounded.
You hit the dart slug with your +2 dagger.
The dart slug launches a dart at you. The slug dart misses you.
You hit the dart slug but do no damage.
The dart slug is heavily wounded.
You hit the dart slug with your +2 dagger.
You hit the dart slug with your +2 dagger.
The dart slug is almost dead.
You hit the dart slug with your +0 dagger of freezing.
You freeze the dart slug.
You kill the dart slug!
No target in view!
No target in view!
s - 3 brown potions (gained 2)
You see here a +0 flail.
An orc is nearby!
An orc is nearby!
Found a scroll labelled HUYRYLIELOSH.
You see here 7 gold pieces.
Found a +0 leather armour.
An adder comes into view.
Found a granite ring.
You see here a scroll labelled HUYRYLIELOSH.
The helpless adder fails to defend itself.
You perforate the adder like a sieve with your +2 dagger!!!
You kill the adder!
You barely miss the orc with your +2 dagger.
The orc shouts!
You hit the orc but do no damage. The orc closely misses you.
You hit the orc but do no damage. x2; The orc hits you with a +0 hand axe.
You hit the orc but do no damage.
You barely miss the orc with your +0 dagger of freezing.
The orc hits you with a +0 hand axe.
You hit the orc but do no damage. x2
You hit the orc but do no damage. x2; The orc hits you but does no damage.
You hit the orc but do no damage. x2; The orc closely misses you.
You hit the orc but do no damage.
You hit the orc with your +0 dagger of freezing.
You freeze the orc. The orc barely misses you.
You barely miss the orc with your +0 dagger of freezing.
The orc is moderately wounded.
You hit the orc but do no damage. The orc barely misses you.
You hit the orc with your +2 dagger.
The orc is heavily wounded.
You hit the orc but do no damage. You hit the orc but do no damage.
The orc is heavily wounded.
You hit the orc but do no damage. The orc hits you but does no damage.
You hit the orc but do no damage.
The orc is heavily wounded.
You hit the orc but do no damage. The orc hits you but does no damage.
You closely miss the orc with your +0 dagger of freezing.
The orc is heavily wounded.
You hit the orc with your +2 dagger. The orc hits you but does no damage.
You hit the orc but do no damage.
The orc is almost dead.
You barely miss the orc with your +0 dagger of freezing.
The orc closely misses you.
You hit the orc but do no damage.
The orc is almost dead.
You hit the orc but do no damage.
You hit the orc with your +0 dagger of freezing.
You freeze the orc.
You kill the orc!
No target in view!
No target in view!
No target in view!
No target in view!
No target in view!
No target in view!
No target in view!
No target in view!
No target in view!
No target in view!
No target in view!
No target in view!
No target in view!
x - 2 scrolls labelled HUYRYLIELOSH (gained 1)
G - a ring of positive energy
G - a ring of positive energy (left grasper)
You now have 130 gold pieces (gained 7).
Things that are here:
a +0 hand axe; a +0 plate armour; an adder corpse You now have 146 gold pieces (gained 16).
H - a fuming silvery potion
A - 5 scrolls of identify (gained 1)
An orc comes into view. It is wielding a +0 short sword.
An orc is nearby!
An orc wizard and an orc come into view.
The orc shouts! x2; The orc wizard shouts!
An orc comes into view. It is wielding a +0 flail.
The orc misses you.
The orc wizard gestures wildly while chanting.
The orc wizard flickers and vanishes!
Deactivating autopickup; reactivate with Ctrl-A.
An orc wizard comes into view. It is wielding a +0 dagger.
The orc wizard shouts!
The orc shouts!
You hit the orc with your +0 dagger of freezing.
You freeze the orc.
The orc is severely wounded.
You barely miss the orc with your +2 dagger.
The orc closely misses you.
You hit the orc with your +2 dagger.
You kill the orc!
Something hits you. The orc hits you with a +0 club.
The orc wizard hits you but does no damage.
The orc wizard barely misses you. The orc barely misses you.
Something hits you but does no damage.
Things that are here:
a +0 short sword; a scroll labelled XYAGUO GITOKE You hit the orc wizard with your +2 dagger.
The orc wizard is lightly wounded.
You hit the orc wizard but do no damage.
Something hits you but does no damage. The orc barely misses you.
The orc wizard casts a spell at you.
You are confused.
You are too confused!
You are too confused!
You are too confused!
You are too confused!
You are too confused!
You are too confused!
You are too confused!
You are too confused!
You are too confused!
You are too confused!
You are too confused!
You are too confused!
You are too confused!
You are too confused!
You are too confused!
You are too confused!
You are too confused!
You are too confused!
You are too confused!
You hit the orc but do no damage.
You closely miss the orc with your +0 dagger of freezing.
Something hits you.
The orc wizard hits you with a +0 dagger.
The orc barely misses you.
You bump into the rock wall.
The orc misses you.
You hear some strange, mumbled words.
A magic dart appears from out of thin air!
The magic dart hits you. The orc wizard closely misses you.
You're too confused to attack without stumbling around!
You're too confused to attack without stumbling around!
You're too confused to attack without stumbling around!
Something hits you but does no damage.
You miss something with your +2 dagger.
You miss something with your +0 dagger of freezing.
You feel less confused. Something hits you but does no damage.
You barely miss something with your +0 dagger of freezing.
You closely miss something with your +2 dagger.
Something hits you but does no damage.
You miss something with your +2 dagger.
You closely miss something with your +0 dagger of freezing.
You miss something with your +2 dagger. You hit something but do no damage.
Something hits you but does no damage.
You hit something but do no damage. x2; Something hits you but does no damage.
You hit something with your +0 dagger of freezing.
You freeze something.
You barely miss something with your +2 dagger.
Something hits you.
The orc wizard casts a spell.
The orc wizard flickers and vanishes!
You closely miss something with your +0 dagger of freezing.
You hit something but do no damage. Something hits you but does no damage.
You closely miss something with your +0 dagger of freezing.
You barely miss something with your +2 dagger.
You barely miss something with your +2 dagger.
You miss something with your +0 dagger of freezing.
Something hits you but does no damage.
You miss something with your +0 dagger of freezing.
You barely miss something with your +2 dagger.
Something hits you but does no damage.
You closely miss something with your +0 dagger of freezing.
You hit something with your +2 dagger. Something hits you but does no damage.
You hear some strange, mumbled words.
A puff of flame appears from out of thin air!
The puff of flame hits something.
You hit something but do no damage. You miss something with your +2 dagger.
Something hits you but does no damage.
You closely miss something with your +2 dagger.
You hit something with your +0 dagger of freezing.
You freeze something.
Reactivating autopickup.
You feel a bit more experienced. Something hits you but does no damage.
Deactivating autopickup; reactivate with Ctrl-A.
Something hits you.
Things that are here:
a +0 dagger; a +0 robe You miss something with your +0 dagger of freezing.
You miss something with your +2 dagger. Something hits you but does no damage.
You closely miss something with your +2 dagger.
You closely miss something with your +0 dagger of freezing.
Something hits you but does no damage.
You hit something with your +2 dagger.
You closely miss something with your +0 dagger of freezing.
You hear some strange, mumbled words.
A magic dart appears from out of thin air!
The magic dart hits you.
You hit something but do no damage.
You completely miss something with your +2 dagger.
Something hits you but does no damage.
You hit something with your +2 dagger.
You hit something with your +0 dagger of freezing.
You freeze something.
You closely miss something with your +2 dagger.
You closely miss something with your +0 dagger of freezing.
Something hits you but does no damage.
You hit something with your +2 dagger.
Reactivating autopickup.
You feel a bit more experienced.
You hit the orc but do no damage. x2; The orc barely misses you.
You closely miss the orc with your +0 dagger of freezing.
You hit the orc but do no damage. The orc misses you.
You hit the orc with your +2 dagger.
The orc is lightly wounded.
You hit the orc with your +0 dagger of freezing.
You freeze the orc.
You closely miss the orc with your +2 dagger.
The orc is heavily wounded.
You hit the orc but do no damage. The orc hits you with a +0 club.
You closely miss the orc with your +2 dagger.
The orc is heavily wounded.
You hit the orc but do no damage. The orc misses you.
The orc grunts loudly.
You closely miss the orc with your +2 dagger.
The orc is heavily wounded.
You hit the orc with your +0 dagger of freezing.
You freeze the orc. The orc barely misses you.
You barely miss the orc with your +0 dagger of freezing.
The orc is almost dead.
You hit the orc but do no damage. The orc hits you with a +0 club.
You hit the orc but do no damage.
The orc is severely wounded.
You hit the orc but do no damage.
You hit the orc with your +0 dagger of freezing.
You freeze the orc.
You kill the orc!
You hit the orc with your +2 dagger.
The orc is moderately wounded.
You hit the orc with your +0 dagger of freezing.
You freeze the orc. The orc completely misses you.
You hit the orc with your +2 dagger.
You kill the orc!
D - 2 scrolls labelled XYAGUO GITOKE (gained 1)
Items here: )))) [[.
s - 4 brown potions (gained 1)
Found a ring mail.
v - 3 potions of berserk rage (gained 1)
An adder is nearby!
An adder is nearby!
You closely miss the adder with your +2 dagger.
You miss the adder with your +0 dagger of freezing.
The adder barely misses you.
You miss the adder with your +2 dagger.
You hit the adder with your +0 dagger of freezing.
You freeze the adder. The adder closely misses you.
You barely miss the adder with your +2 dagger.
The adder is heavily wounded.
You miss the adder with your +0 dagger of freezing.
The adder closely misses you.
You hit the adder with your +2 dagger.
The adder is heavily wounded.
You hit the adder with your +0 dagger of freezing.
The adder seems to slow down.
You freeze the adder. The adder bites you but does no damage.
You hit the adder with your +0 dagger of freezing.
The adder seems to slow down.
You freeze the adder.
You kill the adder!
You have reached level 8!
You feel stronger.
Found a stone staircase leading up.
q - 3 potions of curing (gained 1)
A dart slug comes into view.
Search for what [? for help]? dag Unknown command.
Unknown command.
Unknown command.
Unknown command.
A dart slug is nearby!
A dart slug is nearby!
The dart slug launches a dart at you. The slug dart hits you.
You hit the dart slug with your +2 dagger.
The dart slug is moderately wounded.
You hit the dart slug with your +0 dagger of freezing.
You freeze the dart slug.
You hit the dart slug with your +2 dagger.
The dart slug is severely wounded.
You hit the dart slug with your +0 dagger of freezing.
You freeze the dart slug. The dart slug barely misses you.
You hit the dart slug with your +2 dagger.
You kill the dart slug!
No target in view!
No target in view!
An ogre is nearby!
An ogre is nearby!
An ogre is nearby!
You throw a poisoned dart. The poisoned dart hits the ogre.
The ogre is poisoned.
You throw a poisoned dart. The poisoned dart hits the ogre.
The ogre looks even sicker.
You throw a poisoned dart. The poisoned dart hits the ogre.
The ogre looks even sicker.
The ogre is lightly wounded.
You throw a poisoned dart. The poisoned dart hits the ogre.
The ogre looks as sick as possible!
The ogre is lightly wounded.
You barely miss the ogre with your +0 dagger of freezing.
The ogre is moderately wounded.
You completely miss the ogre with your +2 dagger.
The ogre hits you with a +0 giant club!!
You are too injured to fight recklessly!
You are too injured to fight recklessly!
You are too injured to fight recklessly!
You hit the ogre but do no damage.
The ogre is moderately wounded.
You barely miss the ogre with your +2 dagger.
You hit the ogre with your +2 dagger.
The ogre is severely wounded.
You hit the ogre with your +0 dagger of freezing.
You freeze the ogre. The ogre completely misses you.
You hit the ogre with your +2 dagger.
The ogre is almost dead.
You hit the ogre with your +0 dagger of freezing.
You freeze the ogre. You hit the ogre but do no damage.
The ogre is almost dead.
You hit the ogre with your +0 dagger of freezing.
You freeze the ogre.
You kill the ogre!
Your Stealth skill increases to level 8!
Things that are here:
a +0 giant club; an ogre corpse
d - 13 poisoned darts (gained 1)
d - 14 poisoned darts (gained 1)
d - 15 poisoned darts (gained 1)
Things that are here:
a +0 giant club; an ogre corpse
There is a stone staircase leading up here.
Things that are here:
a +0 shortbow; a centaur skeleton You see here 3 stones.
Key pressed, stopping explore.
Found a ring mail.
An adder comes into view.
The adder hisses angrily.
You see here 10 gold pieces.
The adder bites you but does no damage.
You barely miss the adder with your +0 dagger of freezing.
You hit the adder with your +2 dagger. The adder bites you but does no damage.
You hit the adder with your +0 dagger of freezing.
You freeze the adder.
The adder is heavily wounded.
You completely miss the adder with your +2 dagger.
The adder closely misses you.
You hit the adder with your +2 dagger.
You kill the adder!
No target in view!
No target in view!
You now have 156 gold pieces (gained 10).
Done exploring.
Done exploring.
Done exploring.
No target in view!
Done exploring.
Done exploring.
There is a stone staircase leading down here.
You climb downwards.
There is a stone staircase leading up here.
Blork the orc is nearby!
The helpless Blork the orc fails to defend himself.
You skewer Blork the orc like a kebab with your +0 dagger of freezing!!!
You freeze Blork the orc!
You kill Blork the orc!
Found Ilud's Antique Armour Emporium.
Found an escape hatch in the ceiling.
You open the door.
Found a war axe.
There is an open door here.
You see here a +0 war axe.
There is an entrance to Ilud's Antique Armour Emporium here.
A sleepcap comes into view.
A sleepcap is nearby!
A sleepcap is nearby!
A sleepcap is nearby!
The helpless sleepcap fails to defend itself.
You spit the sleepcap like a pig with your +0 dagger of freezing!!!
You freeze the sleepcap!
You destroy the sleepcap!
o - 4 scrolls labelled YFIORETIMI (gained 1)
You open the door.
Found a stone staircase leading down.
There is an open door here.
A bullfrog comes into view.
The bullfrog gives a loud, deep croak!
You hit the bullfrog with your +0 dagger of freezing.
The bullfrog seems to slow down.
You freeze the bullfrog.
The bullfrog is lightly wounded.
You hit the bullfrog with your +2 dagger.
The bullfrog closely misses you.
You barely miss the bullfrog with your +2 dagger.
The bullfrog is lightly wounded.
You closely miss the bullfrog with your +0 dagger of freezing.
The bullfrog is no longer moving slowly.
The bullfrog hits you.
You completely miss the bullfrog with your +0 dagger of freezing.
The bullfrog is lightly wounded.
You hit the bullfrog with your +2 dagger.
The bullfrog hits you.
You hit the bullfrog with your +2 dagger.
The bullfrog is moderately wounded.
You hit the bullfrog with your +0 dagger of freezing.
You freeze the bullfrog.
The bullfrog hits you but does no damage.
You hit the bullfrog with your +0 dagger of freezing.
The bullfrog seems to slow down.
You freeze the bullfrog.
The bullfrog is severely wounded.
You hit the bullfrog with your +2 dagger.
The bullfrog closely misses you.
You barely miss the bullfrog with your +0 dagger of freezing.
The bullfrog is severely wounded.
You hit the bullfrog with your +2 dagger.
The bullfrog hits you but does no damage.
You barely miss the bullfrog with your +2 dagger.
The bullfrog is almost dead.
You closely miss the bullfrog with your +0 dagger of freezing.
The bullfrog misses you.
You completely miss the bullfrog with your +2 dagger.
The bullfrog is almost dead.
You hit the bullfrog with your +0 dagger of freezing.
You freeze the bullfrog.
You kill the bullfrog!
No target in view!
No target in view!
No target in view!
HP restored.
Found a stone staircase leading down.
There is an open door here.
A jelly and a gnoll come into view.
There are monsters nearby!
There is an open door here.
There is a stone staircase leading down here.
You climb downwards.
Found a brown potion.
There is a stone staircase leading up here.
You climb upwards.
There is a stone staircase leading down here.
There is an open door here.
There are monsters nearby!
There are monsters nearby!
You see here a +0 war axe.
Found 3 gold pieces and a glaive.
A bombardier beetle comes into view.
You throw a poisoned dart.
The poisoned dart hits the bombardier beetle.
The bombardier beetle is poisoned.
You throw a poisoned dart.
The poisoned dart hits the bombardier beetle.
The bombardier beetle looks even sicker.
The bombardier beetle is moderately wounded.
You throw a poisoned dart.
The poisoned dart barely misses the bombardier beetle.
You throw a poisoned dart.
The poisoned dart hits the bombardier beetle.
The bombardier beetle looks even sicker.
The bombardier beetle is heavily wounded.
You kill the bombardier beetle!
d - 12 poisoned darts (gained 1)
d - 14 poisoned darts (gained 2)
d - 15 poisoned darts (gained 1)
The jelly quivers.
Found a stone staircase leading down.
A jelly is nearby!
Okay, then.
Aiming: Throw Flame
Press: ? - help, Shift-Dir - straight line, f - jelly
Aim: a jelly (100% to hit)
The puff of flame hits the jelly.
The jelly is moderately wounded.
You hear a shout! x2
A gnoll comes into view. It is wielding a +0 club.
You hear a shout!
Unknown command.
Aiming: Throw Flame
Press: ? - help, Shift-Dir - straight line, f/p - jelly
Aim: a jelly (moderately wounded, 100% to hit)
The puff of flame hits the jelly.
The jelly is moderately wounded.
You hear a shout! x2
Aiming: Throw Flame
Press: ? - help, Shift-Dir - straight line, f/p - jelly
Aim: a jelly (moderately wounded, 100% to hit)
The puff of flame hits the jelly.
The jelly is severely wounded.
Aiming: Throw Flame
Press: ? - help, Shift-Dir - straight line, f/p - jelly
Aim: a jelly (severely wounded, 100% to hit)
The puff of flame hits the jelly!
You kill the jelly!
You hit the gnoll with your +0 dagger of freezing.
You freeze the gnoll.
The gnoll is moderately wounded.
You hit the gnoll with your +2 dagger. The gnoll hits you with a +0 club.
A gnoll comes into view. It is wielding a +0 flail.
You hit the gnoll with your +0 dagger of freezing.
You freeze the gnoll.
The gnoll is severely wounded.
You hit the gnoll with your +2 dagger.
You kill the gnoll!
A gnoll comes into view. It is wielding a +0 halberd.
A gnoll comes into view. It is wielding a +0 spear.
You barely miss the gnoll with your +2 dagger.
The gnoll shouts!
You hit the gnoll but do no damage. The gnoll hits you with a +0 flail.
You hit the gnoll with your +0 dagger of freezing.
You freeze the gnoll.
The gnoll is moderately wounded.
You closely miss the gnoll with your +2 dagger.
The gnoll barely misses you.
You hit the gnoll with your +2 dagger.
The gnoll is moderately wounded.
You hit the gnoll but do no damage. The gnoll completely misses you.
You hit the gnoll but do no damage.
The gnoll is moderately wounded.
You hit the gnoll with your +2 dagger. The gnoll hits you with a +0 flail.
A gnoll sergeant comes into view. It is wielding a +0 spear.
You hit the gnoll with your +0 dagger of freezing.
You freeze the gnoll.
The gnoll is almost dead.
You hit the gnoll with your +2 dagger.
You kill the gnoll!
The gnoll hits you with a +0 flail!
The gnoll hits you from afar with a +0 halberd!
The gnoll hits you with a +0 flail!
* * * LOW HITPOINT WARNING * * *
The gnoll hits you from afar with a +0 spear!
* * * LOW HITPOINT WARNING * * *
The gnoll misses you.
You see here a +0 flail.
You are too injured to fight recklessly!
The gnoll attacks as it pursues you! The gnoll hits you with a +0 flail.
* * * LOW HITPOINT WARNING * * *
The gnoll misses you. The gnoll attacks as it pursues you!
The gnoll closely misses you.
You see here a +0 war axe.
There is an open door here.
There is a stone staircase leading up here.
You climb upwards.
There is a stone staircase leading down here.
You start resting.
HP restored.
There is a stone staircase leading down here.
You climb downwards.
There is a stone staircase leading up here.
An ogre comes into view. It is wielding a +0 giant club.
An ogre is nearby!
An ogre is nearby!
You throw a poisoned dart.
The poisoned dart closely misses the ogre.
The ogre shouts!
You throw a poisoned dart. The poisoned dart hits the ogre.
The ogre is poisoned.
You throw a poisoned dart.
The poisoned dart barely misses the ogre.
You throw a poisoned dart. The poisoned dart hits the ogre.
The ogre looks even sicker.
The ogre is lightly wounded.
You throw a poisoned dart.
The poisoned dart barely misses the ogre.
You throw a poisoned dart. The poisoned dart hits the ogre.
The ogre looks even sicker.
The ogre is lightly wounded.
You hit the ogre with your +0 dagger of freezing.
You freeze the ogre.
The ogre is lightly wounded.
You closely miss the ogre with your +2 dagger.
You hit the ogre with your +2 dagger.
The ogre is moderately wounded.
You barely miss the ogre with your +0 dagger of freezing.
The ogre barely misses you.
You hit the ogre with your +0 dagger of freezing.
You freeze the ogre.
The ogre is heavily wounded.
You hit the ogre with your +2 dagger. You hit the ogre but do no damage.
The ogre is almost dead.
You hit the ogre with your +2 dagger.
You kill the ogre!
A jelly comes into view.
Your Stealth skill increases to level 9!
You see here a +0 giant club.
No target in view!
You see here a +0 giant club.
d - 10 poisoned darts (gained 1)
There is an open door here.
d - 11 poisoned darts (gained 1)
A jelly is nearby!
Aiming: Throw Flame
Press: ? - help, Shift-Dir - straight line, f - jelly
Aim: a jelly (wandering, hasn't noticed you, 100% to hit)
The puff of flame hits the jelly.
The jelly is moderately wounded.
The jelly quivers.
Aiming: Throw Flame
Press: ? - help, Shift-Dir - straight line, f/p - jelly
Aim: a jelly (moderately wounded, 100% to hit)
The puff of flame hits the jelly.
The jelly is severely wounded.
Aiming: Throw Flame
Press: ? - help, Shift-Dir - straight line, f/p - jelly
Aim: a jelly (severely wounded, 100% to hit)
The puff of flame hits the jelly.
You kill the jelly!
d - 12 poisoned darts (gained 1)
d - 13 poisoned darts (gained 1)
d - 15 poisoned darts (gained 2)
Found 3 stones.
You see here a staff of air.
There is an open door here.
You see here a +0 giant club.
You now have 159 gold pieces (gained 3).
A gnoll bouda and 3 gnolls come into view.
The gnoll bouda gazes fiercely through you!
You feel your attacks grow feeble.
The gnoll bouda barks out a call to the hunt!
Your attacks no longer feel as feeble.
You throw a poisoned dart. The poisoned dart hits the gnoll bouda.
You throw a poisoned dart.
The poisoned dart barely misses the gnoll bouda.
A gnoll comes into view. It is wielding a +0 halberd.
You throw a poisoned dart.
The poisoned dart closely misses the gnoll bouda.
The gnoll shouts!
You hear a shout!
The gnoll bouda gazes fiercely through you!
You feel your attacks grow feeble.
The gnoll shouts!
A gnoll is nearby!
Your attacks no longer feel as feeble.
The gnoll is no longer moving quickly.
There is an escape hatch in the ceiling here.
You throw a poisoned dart. The poisoned dart hits the gnoll.
The gnoll is poisoned.
The gnoll shouts!
You hear a shout! x2
The gnoll hits you but does no damage.
You throw a poisoned dart. The poisoned dart hits the gnoll.
The gnoll looks even sicker.
The gnoll is lightly wounded.
The gnoll hits you from afar with a +0 spear.
The gnoll bouda barks out a call to the hunt!
The gnoll picks up the pace!
The gnoll hits you from afar with a +0 spear.
The gnoll misses you.
The gnoll hits you from afar with a +0 spear.
You throw a poisoned dart. The poisoned dart hits the gnoll.
The gnoll is heavily wounded.
The gnoll bouda gazes fiercely through you!
You feel your attacks grow feeble.
The gnoll hits you from afar with a +0 spear.
Throw: 9 darts (poison)
Press: ? - help, Q - select action, (/) - cycle Shift-Dir - straight line, f - gnoll bouda, p - gnoll
Aim: a gnoll bouda, wielding a +0 club and wearing a +0 robe (60% to hit)
You throw a poisoned dart. The poisoned dart hits the gnoll bouda.
The gnoll bouda is poisoned.
The gnoll bouda barks out a call to the hunt!
The gnoll picks up the pace!
The gnoll closely misses you.
Throw: 8 darts (poison)
Press: ? - help, Q - select action, (/) - cycle Shift-Dir - straight line, f/p - gnoll bouda
Aim: a gnoll bouda, wielding a +0 club and wearing a +0 robe (lightly wounded, poisoned, 60% to hit)
You throw a poisoned dart. The poisoned dart hits the gnoll bouda.
The gnoll bouda looks even sicker.
The gnoll bouda is lightly wounded.
The gnoll hits you from afar with a +0 spear.
The gnoll closely misses you.
Throw: 7 darts (poison)
Press: ? - help, Q - select action, (/) - cycle Shift-Dir - straight line, f/p - gnoll bouda
Aim: a gnoll bouda, wielding a +0 club and wearing a +0 robe (lightly wounded, very poisoned, 60% to hit)
You throw a poisoned dart. The poisoned dart hits the gnoll bouda.
The gnoll bouda looks even sicker.
The gnoll bouda is lightly wounded.
The gnoll misses you.
The gnoll hits you from afar with a +0 spear.
You kill the gnoll!
The gnoll bouda closely misses you. The gnoll barely misses you.
A mysterious force pulls you upwards. The hatch slams shut behind you.
Your attacks no longer feel as feeble.
You hit the gnoll bouda with your +2 dagger.
The gnoll bouda is moderately wounded.
You completely miss the gnoll bouda with your +0 dagger of freezing.
The gnoll bouda hits you with a +0 club.
You hit the gnoll bouda but do no damage.
The gnoll bouda is moderately wounded.
You closely miss the gnoll bouda with your +2 dagger.
The gnoll bouda gazes fiercely through you!
You feel your attacks grow feeble.
The gnoll bouda hits you with a +0 club.
You hit the gnoll bouda but do no damage.
The gnoll bouda is moderately wounded.
You hit the gnoll bouda but do no damage.
The gnoll bouda hits you with a +0 club.
You are too injured to fight recklessly!
You are too injured to fight recklessly!
You are too injured to fight recklessly!
You are too injured to fight recklessly!
You are too injured to fight recklessly!
You are too injured to fight recklessly!
You are too injured to fight recklessly!
You are too injured to fight recklessly!
You are too injured to fight recklessly!
You are too injured to fight recklessly!
You hit the gnoll bouda but do no damage.
The gnoll bouda is heavily wounded.
You hit the gnoll bouda but do no damage.
You hit the gnoll bouda but do no damage.
The gnoll bouda is heavily wounded.
You hit the gnoll bouda but do no damage.
The gnoll bouda hits you with a +0 club.
You closely miss the gnoll bouda with your +0 dagger of freezing.
The gnoll bouda is heavily wounded.
You closely miss the gnoll bouda with your +2 dagger.
The gnoll bouda hits you with a +0 club.
You closely miss the gnoll bouda with your +0 dagger of freezing.
The gnoll bouda is heavily wounded.
You hit the gnoll bouda with your +2 dagger.
The gnoll bouda barely misses you.
You hit the gnoll bouda but do no damage.
The gnoll bouda is severely wounded.
You barely miss the gnoll bouda with your +0 dagger of freezing.
The gnoll bouda barely misses you.
You barely miss the gnoll bouda with your +0 dagger of freezing.
The gnoll bouda is severely wounded.
You hit the gnoll bouda but do no damage.
You hit the gnoll bouda but do no damage.
The gnoll bouda is severely wounded.
You hit the gnoll bouda but do no damage.
Your attacks no longer feel as feeble.
The gnoll bouda hits you with a +0 club!
* * * LOW HITPOINT WARNING * * *
You hit the gnoll bouda but do no damage.
The gnoll bouda is severely wounded.
You barely miss the gnoll bouda with your +2 dagger.
The gnoll bouda gazes fiercely through you!
You feel your attacks grow feeble. The gnoll bouda misses you.
You barely miss the gnoll bouda with your +2 dagger.
The gnoll bouda is severely wounded.
You hit the gnoll bouda with your +0 dagger of freezing.
You freeze the gnoll bouda.
The gnoll bouda hits you with a +0 club!
* * * LOW HITPOINT WARNING * * *
You hit the gnoll bouda but do no damage.
The gnoll bouda is almost dead.
You closely miss the gnoll bouda with your +0 dagger of freezing.
The gnoll bouda hits you but does no damage.
You hit the gnoll bouda but do no damage.
The gnoll bouda is almost dead.
You hit the gnoll bouda but do no damage.
You kill the gnoll bouda!
Your attacks no longer feel as feeble.
HP restored.
Done exploring.
Done exploring.
Done exploring.
There is a stone staircase leading down here.
You climb downwards.
There is a stone staircase leading up here.
There are monsters nearby!
You climb upwards.
There is a stone staircase leading down here.
There is a stone staircase leading down here.
You climb downwards.
There is a stone staircase leading up here.
There is an open door here.
A gnoll is nearby!
A gnoll is nearby!
A gnoll is nearby!
You throw a poisoned dart.
The poisoned dart closely misses the gnoll.
The gnoll shouts!
You throw a poisoned dart. The poisoned dart hits the gnoll.
The gnoll is poisoned.
You throw a poisoned dart.
The poisoned dart barely misses the gnoll.
You throw a poisoned dart. The poisoned dart hits the gnoll.
The gnoll looks even sicker.
The gnoll is lightly wounded.
The gnoll barely misses you.
The gnoll hits you from afar with a +0 halberd!
The gnoll barely misses you.
The gnoll shouts!
You hit the gnoll with your +2 dagger.
The gnoll is severely wounded.
You hit the gnoll with your +0 dagger of freezing.
You freeze the gnoll. The gnoll closely misses you.
You hit the gnoll with your +0 dagger of freezing.
You freeze the gnoll.
You kill the gnoll!
The gnoll barely misses you.
Things that are here:
a +0 halberd; a gnoll corpse You hit the gnoll with your +2 dagger.
The gnoll is lightly wounded.
You hit the gnoll with your +0 dagger of freezing.
You freeze the gnoll. The gnoll hits you but does no damage.
You closely miss the gnoll with your +2 dagger.
The gnoll is moderately wounded.
You hit the gnoll but do no damage. The gnoll barely misses you.
You hit the gnoll but do no damage.
The gnoll is moderately wounded.
You barely miss the gnoll with your +0 dagger of freezing.
You hit the gnoll but do no damage.
The gnoll is moderately wounded.
You completely miss the gnoll with your +2 dagger.
The gnoll barely misses you.
You hit the gnoll with your +0 dagger of freezing.
You freeze the gnoll.
The gnoll is heavily wounded.
You hit the gnoll but do no damage. The gnoll barely misses you.
You hit the gnoll but do no damage.
The gnoll is heavily wounded.
You hit the gnoll with your +2 dagger. The gnoll misses you.
You closely miss the gnoll with your +2 dagger.
The gnoll is severely wounded.
You hit the gnoll with your +0 dagger of freezing.
You freeze the gnoll.
You kill the gnoll!
No target in view!
HP restored.
d - 3 poisoned darts (gained 1)
You see here a +0 club.
d - 4 poisoned darts (gained 1)
d - 6 poisoned darts (gained 2)
d - 7 poisoned darts (gained 1)
d - 9 poisoned darts (gained 2)
You see here a +0 spear.
d - 11 poisoned darts (gained 2)
d - 12 poisoned darts (gained 1)
d - 13 poisoned darts (gained 1)
A gnoll is nearby!
A gnoll is nearby!
A gnoll is nearby!
You throw a poisoned dart. The poisoned dart hits the gnoll.
The gnoll is poisoned.
The gnoll shouts!
An iguana comes into view.
A gnoll comes into view. It is wielding a +3 heavy flail.
The gnoll looks more healthy.
A gnoll comes into view. It is wielding a +0 club.
A gnoll comes into view.
It is wielding a +0 halberd and quivering a throwing net.
The gnoll attacks as it pursues you! The gnoll hits you with a +0 whip.
The gnoll attacks as it pursues you! The gnoll misses you.
The gnoll attacks as it pursues you! The gnoll completely misses you.
You hit the gnoll with your +0 dagger of freezing.
You freeze the gnoll.
The gnoll is severely wounded.
You barely miss the gnoll with your +2 dagger.
You hit the gnoll but do no damage.
The gnoll is severely wounded.
You hit the gnoll with your +2 dagger.
You kill the gnoll!
Throw: 12 darts (poison)
Press: ? - help, Q - select action, (/) - cycle Shift-Dir - straight line, f - gnoll
Aim: a gnoll, wielding a +0 halberd and quivering a throwing net (60% to hit)
You throw a poisoned dart.
The poisoned dart barely misses the gnoll.
The gnoll throws a throwing net.
The throwing net hits you.
You become entangled in the net!
You cannot throw/fire anything while held in a net.
Unknown command.
You tear a large gash into the net.
You struggle against the net.
You rip the net and break free!
Throw: 11 darts (poison)
Press: ? - help, Q - select action, (/) - cycle Shift-Dir - straight line, f/p - gnoll
Aim: a gnoll, wielding a +0 halberd (60% to hit)
You throw a poisoned dart. The poisoned dart hits the gnoll.
The gnoll is poisoned.
The gnoll shouts!
The gnoll attacks as it pursues you! The gnoll hits you but does no damage.
The gnoll hits you but does no damage.
Throw: 10 darts (poison)
Press: ? - help, Q - select action, (/) - cycle Shift-Dir - straight line, f/p - gnoll
Aim: a gnoll, wielding a +0 halberd (moderately wounded, poisoned, 60% to hit)
You throw a poisoned dart. The poisoned dart hits the gnoll.
The gnoll looks even sicker.
The gnoll is moderately wounded.
The gnoll hits you from afar with a +0 halberd!
The gnoll hits you but does no damage.
The gnoll hits you from afar with a +0 halberd!
The gnoll hits you with a +0 club.
You hit the gnoll with your +0 dagger of freezing.
You freeze the gnoll.
The gnoll is moderately wounded.
You hit the gnoll with your +2 dagger. The gnoll completely misses you.
You completely miss the gnoll with your +2 dagger.
The gnoll is heavily wounded.
You barely miss the gnoll with your +0 dagger of freezing.
The gnoll hits you but does no damage.
You kill the gnoll!
The gnoll attacks as it pursues you! The gnoll hits you with a +0 club.
You closely miss the gnoll with your +2 dagger.
The gnoll is heavily wounded.
You hit the gnoll but do no damage. The gnoll barely misses you.
The gnoll hits you with a +3 heavy flail!
* * * LOW HITPOINT WARNING * * *
Aiming: Charm
Press: ? - help, Shift-Dir - straight line, f - gnoll
Aim: a gnoll, wielding a +3 heavy flail (chance to affect: 57%)
The gnoll resists with significant effort.
The now-empty wand crumbles to dust.
The gnoll hits you but does no damage.
Okay, then.
Okay, then.
Okay, then.
Okay, then.
Okay, then.
A red film seems to cover your vision as you go berserk!
You feel yourself moving faster!
You feel mighty! The gnoll completely misses you.
The gnoll hits you with a +3 heavy flail!
* * * LOW HITPOINT WARNING * * *
You feel a strong urge to attack something.
The gnoll attacks as it pursues you! The gnoll misses you.
The gnoll attacks as it pursues you! The gnoll closely misses you.
You feel your anger nearly subside.
The gnoll shouts!
The gnoll attacks as it pursues you! The gnoll barely misses you.
There is an entrance to Ilud's Antique Armour Emporium here.
You are no longer berserk.
You are exhausted.
You feel yourself slow down.
The gnoll sergeant shouts!
The gnoll shouts!
There is an escape hatch in the ceiling here.
The gnoll hits you with a +3 heavy flail!
You die...
Hepliaklqana delivers you to your ancestors.

#....# #....# #....# ########
#....# ####......##############
##....####)............))........
##....)(...##...ß..###########...
#.....##.####.).....# #...
......##.# #.ßgg.ß.# #...
(.....##.####...@..## #...
.......#....####ß### #...
.......####.##..g########## #...
....)..+..#)##g........[..# #...
.......#.....'............# #...
.###.###.#####..gg........# ####
....)# #. #............#
#####....# #............# .......
#.....<...gg.#


You could see a gnoll sergeant and 5 gnolls.

Vanquished Creatures
  A water moccasin (D:5)
  2 ogres
  A centaur (D:5)
  A lemure (D:3)
  Blork the orc (D:6)
  A bullfrog (D:6)
  2 bombardier beetles
  2 jellies (D:6)
  A gnoll bouda (D:5)
  A sleepcap (D:6)
  2 iguanas (D:5)
  3 orc wizards
  Robin (D:2)
  11 gnolls
  10 adders
  5 dart slugs
  11 orcs
  7 ball pythons
  6 bats
  9 endoplasms
  3 giant cockroaches
  15 goblins
  9 hobgoblins
  5 jackals
  3 kobolds
  5 quokkas
  2 frilled lizards
  4 rats
124 creatures vanquished.

Vanquished Creatures (collateral kills)
  Sigmund (D:5)
  An ice beast (D:5)
  A hound (D:5)
3 creatures vanquished.

Grand Total: 127 creatures vanquished

Notes
Turn   | Place    | Note
-------+----------+-------------------------------------------
     0 | D:1      | sleeves the Coglin Brigand began the quest for the Orb.
     0 | D:1      | Reached XP level 1. HP: 16/16 MP: 1/1
    93 | D:1      | Reached skill level 2 in Short Blades
   118 | D:1      | Reached XP level 2. HP: 19/22 MP: 2/2
   267 | D:1      | Reached XP level 3. HP: 27/27 MP: 3/3
   833 | D:2      | Reached skill level 4 in Stealth
   890 | D:2      | Reached XP level 4. HP: 23/33 MP: 4/4
   985 | D:2      | Reached skill level 3 in Short Blades
  1602 | D:2      | Noticed Robin
  1815 | D:2      | Reached XP level 5. HP: 38/38 MP: 5/5
  1839 | D:2      | Killed Robin
  2015 | D:3      | Noticed Grinder
  2160 | D:3      | Identified the +2 leather armour of Fanaticism {rElec Will+
                  | Str-3}
  2214 | D:3      | Found Lugh's Magic Scroll Shoppe.
  2217 | D:3      | Bought a scroll of identify for 26 gold pieces
  2432 | D:3      | Reached skill level 4 in Short Blades
  2432 | D:3      | Reached skill level 5 in Stealth
  2432 | D:3      | Reached XP level 6. HP: 34/44 MP: 6/6
  2587 | D:3      | Found an ancient bone altar of Kikubaaqudgha.
  2651 | D:3      | Found Gonukuh's Assorted Antiques.
  2774 | D:4      | Noticed Pikel
  2817 | D:3      | HP: 20/44 [lemure[Pikel] (5)]
  2822 | D:3      | HP: 11/44 [lemure[Pikel] (8)]
  3017 | D:4      | Found a staircase to the Ecumenical Temple.
  3023 | Temple   | Entered the Ecumenical Temple
  3039 | Temple   | Became a worshipper of Hepliaklqana the Forgotten
  3295 | D:5      | Entered Level 5 of the Dungeon
  3318 | D:5      | Found an opulent altar of Gozag.
  3322 | D:5      | Noticed Sigmund
  3371 | D:5      | Noticed a water moccasin
  3429 | D:5      | Reached skill level 6 in Stealth
  3440 | D:5      | Noticed an ice beast
  3447 | D:5      | Killed Sigmund
  3448 | D:5      | Reached XP level 7. HP: 31/50 MP: 7/7
  3453 | D:5      | HP: 21/50 [ice beast (9)]
  3456 | D:5      | Reached skill level 7 in Stealth
  3610 | D:5      | HP: 22/50 [iguana (7)]
  4459 | D:5      | Reached XP level 8. HP: 56/56 MP: 8/8
  4568 | D:5      | Reached skill level 8 in Stealth
  4860 | D:6      | Noticed Blork the orc
  4865 | D:6      | Killed Blork the orc
  4870 | D:6      | Found Ilud's Antique Armour Emporium.
  5131 | D:6      | HP: 26/56 [gnoll/+0 flail[a gnoll sergeant] (8)]
  5328 | D:6      | Reached skill level 9 in Stealth
  5503 | D:5      | HP: 22/56 [gnoll bouda/+0 club (8)]
  5836 | D:6      | HP: 12/56 [gnoll/+3 heavy flail (17)]
  5843 | D:6      | Slain by a gnoll

Illustrated notes

Levels and vault maps discovered:
D:1:      hellmonk_arrival_library, layout_rooms
D:2:      layout_basic, minmay_misc_feat_square, kennysheep_nondescript,
          serial_bayou_lagoon_a, uniq_robin
D:3:      layout_loops_ring, nicolae_kikubaaqudgha_miasma_corner,
          lemuel_tele_altar, serial_bayou, serial_bayou_pond_a,
          serial_bayou_crossing, serial_bayou_shore_a, serial_bayou_shore_b,
          serial_shops, shop, nicolae_shop_rolled_up, grunt_decor_cap,
          uniq_grinder
D:4:      layout_basic, makhleb_blood_cavern_becter,
          nicolae_wu_jian_wuxing_cycle, minmay_temple_entry_statues_pillars,
          uniq_pikel, uniq_eustachio, uniq_crazy_yiuf_cottage
D:5:      layout_loops_ring, lemuel_doored_altar, serial_glass, glass_columns_a,
          glass_columns_b, due_unseen_surprise, item_on_display_a,
          hangedman_decor_peaks_small, minmay_circle_x, uniq_sigmund
D:6:      layout_basic, dk_yredelemnul_ordeal, serial_shops,
          nicolae_shop_statue_plus, uniq_blork_the_orc
D:7:      layout_basic
Temple:   jpeg_temple_clearing

Skill      XL: |  1  2  3  4  5  6  7  8 |
---------------+-------------------------+-----
Short Blades   | 2 3 4 |  4.0
Stealth        | 4 5 6 7 9 |  9.4
Fighting       | |  2.0
Throwing       | |  1.7
Dodging        | |  0.8

Action                     |  1- 3 |  4- 6 |  7- 9 || total
---------------------------+-------+-------+-------++-------
  Melee: Dagger            |   125 |   322 |   314 ||   761
  Throw: Dart              |       |       |    31 ||    31
  Evoke: Wand              |       |     8 |    13 ||    21
    Use: Scroll            |       |     3 |       ||     3
         Potion            |       |       |     1 ||     1
   Stab: Sleeping          |     2 |     7 |     7 ||    16
         Distracted        |       |     1 |       ||     1
 Armour: Robe              |    36 |       |       ||    36
         Leather armour    |       |    83 |   115 ||   198
  Dodge: Dodged            |    37 |    75 |   100 ||   212

Table legend: (Time is in decaauts)
 A = Elapsed time spent in this place.
 B = Non-inter-level travel time spent in this place.
 C = Inter-level travel time spent in this place.
 D = Time resting spent in this place.
 E = Time spent auto-exploring this place.
 F = Levels seen in this place.
 G = Mean time per level.
                   A        B        C        D        E       F      G
               +--------+--------+--------+--------+--------+-----+--------+
         Total |   6020 |   5224 |    796 |    627 |   3187 |   8 |  752.5 |
       Dungeon |   5986 |   5222 |    764 |    627 |   3187 |   7 |  855.1 |
        Temple |     33 |      1 |     32 |      0 |      0 |   1 |   33.0 |
               +--------+--------+--------+--------+--------+-----+--------+

Top non-repeatable levels by time:
     D:5: 1778 daAuts
     D:3: 1155 daAuts
     D:2: 1146 daAuts
     D:1: 852 daAuts
     D:6: 669 daAuts
     D:4: 382 daAuts
  Temple: 33 daAuts
     D:7: 1 daAuts
